Map: Odyssey LE

Players

Yata - Winner!

  • Race: Zerg Zerg
  • League: Platinum
  • Spawn Location: 5:00

Quick

  • Race: Protoss Protoss
  • Spawn Location: 11:00

VOD

Have the link to the VOD?

Description

Time

  • Played on: Sept. 19, 2017, 10:44 p.m.
  • Length: 5:22
Show
View Real Time Build Order
Export as new Build Order

Yata Zerg - Winner!

Build Orders: Hatch First 

Get SALT Encoding   

  12  0:00  Drone  
  13  0:12  Overlord  
  13  0:18  Drone  
  14  0:31  Drone x2  
  14  0:34  Drone  
  17  0:55  Drone  
  17  0:56  Hatchery  
  17  0:59  Drone  
  18  1:08  Extractor  
  17  1:22  Drone x2  
  17  1:23  Spawning Pool  
  18  1:29  Drone  
  19  1:40  Overlord  
  19  1:58  Drone  
  20  2:06  Drone  
  21  2:10  Queen  
  21  2:11  Queen  
  25  2:16  Zergling x4  
  25  2:20  Metabolic Boost  
  27  2:29  Evolution Chamber  
  26  2:33  Drone x2  
  28  2:38  Baneling Nest  
  27  2:44  Drone x4  
  31  2:51  Overlord  
  31  3:05  Drone  
  31  3:06  Drone x2  
  31  3:11  Zerg Melee Weapons Level 1  
  34  3:18  Drone x2  
  34  3:19  Drone x2  
  40  3:20  Drone x2  
  40  3:21  Drone  
  40  3:23  Drone  
  42  3:34  Drone  
  42  3:35  Drone  
  42  3:36  Overlord  
  44  3:44  Extractor  
  44  3:49  Baneling x2  
  44  3:50  Baneling x2  
  44  3:58  Hatchery  
  44  4:00  Zergling x8  
  44  4:01  Zergling x8  
  51  4:22  Extractor, Queen  
  51  4:23  Overlord x3  
  50  4:43  Zergling x12  
  50  4:44  Zergling x4  
Show
View Real Time Build Order
Export as new Build Order

Quick Protoss 

Build Orders:  

Get SALT Encoding   

Tags
 
League
Platinum
Matchup
PvZ
Replay Pack
Pack 1
Spawn Locations
Cross Positions
Add a new tag
Caveats
  • Supply blocks, unpowered buildings, or Contaminate may cause inaccurate times.
  • Supply counts are checked every 10 seconds.